 Dungeon Crawl Stone Soup version 0.32-a0-290-g598725c5f2 (webtiles) character file.

Game seed: 14675793932971942378

238 Datul the Chopper (level 5, -2/45 HPs)
             Began as a Mountain Dwarf Fighter on Feb 13, 2024.
             Was an Initiate of the Shining One.
             Slain by Duvessa
             ... wielding a +0 short sword
              (15 damage)
             ... on level 4 of the Dungeon.
             The game lasted 00:09:30 (2874 turns).

Datul the Chopper (Mountain Dwarf Fighter)          Turns: 2874, Time: 00:09:30

Health: -2/45      AC:  4    Str: 20    XL:     5   Next: 78%
Magic:  5/5        EV: 15    Int:  9    God:    the Shining One [......]
Gold:   203        SH:  5    Dex:  9    Spells: 4/4 levels left

rFire   + . .        a - +1 war axe
rCold   . . .        c - +1 buckler
rNeg    . . .        l - +1 leather armour {rF+}
rPois   .            (no helmet)
rElec   .            (no cloak)
rCorr   +            (no gloves)
SInv    .            (no boots)
Will    .....        (no amulet)
Stlth   +            k - +5 ring of evasion
HPRegen 0.27/turn    p - ring of resist corrosion
MPRegen 0.09/turn

%: no passive effects
@: mighty, glowing
A: runic magic, artefact enchanting
a: Renounce Religion


You were on level 4 of the Dungeon.
You worshipped the Shining One.
The Shining One was noncommittal.
You visited 2 branches of the dungeon, and saw 5 of its levels.

You collected 203 gold pieces.

Inventory:

Hand Weapons
 a - a +1 war axe (weapon)
Armour
 b - a +0 scale mail
 c - a +1 buckler (worn)
 l - a +1 leather armour of fire resistance (worn)
Jewellery
 k - a +5 ring of evasion (left hand)
 p - a ring of resist corrosion (right hand)
Talismans
 f - a beast talisman
Wands
 m - a wand of iceblast (7)
Scrolls
 h - a scroll of amnesia {unknown}
 q - a scroll of fear {unknown}
Potions
 e - 4 potions of heal wounds {unknown}
 g - 3 potions of curing {unknown}
 i - a potion of attraction
 j - 2 potions of cancellation {unknown}
 n - a potion of enlightenment {unknown}
 o - a potion of magic {unknown}
 r - a potion of berserk rage {unknown}


   Skills:
 - Level 3.2 Fighting
 + Level 7.4 Axes
 - Level 3.2 Armour
 - Level 3.2 Shields


You had 4 spell levels left.
You didn't know any spells.
Your spell library contained the following spells:

 Spells                   Type           Power      Damage    Failure   Level
 Cigotuvi's Dreadful Rot  Necr/Alch/Air  0%         N/A       61%         2
 Mercury Vapours          Alch/Air       0%         N/A       61%         2
 Arcjolt                  Conj/Air       0%         1d10      100%        5
 Enfeeble                 Hex            0%         N/A       100%        7


Dungeon Overview and Level Annotations

Branches:
Dungeon (4/15) Zot: 21105  Temple (1/1) D:4 Zot: 5963

Altars:
Cheibriados
Dithmenos
Fedhas
Gozag
Hepliaklqana
Kikubaaqudgha
Nemelex Xobeh
Okawaru
Ru
Sif Muna
Wu Jian
Xom
The Shining One

Shops:
D:2 (   D:4 (

Portals:
Abyss: D:3

Annotations:
D:3 2 transporters, Daunt's ghost, amateur MDFi
D:4 Duvessa


Innate Abilities, Weirdness & Mutations

Your spellcasting is much less encumbered by armour.
You can use scrolls of enchantment on lesser artefacts.


Message History

The ball python constricts you.
You take 3 damage, and have 41/45 hp.
You hit the ball python.
You kill the ball python!
Dowan casts a spell at you. The puff of frost hits you!
You take 8 damage, and have 33/45 hp.
Aiming: Iceblast
Press: ? - help, Shift-Dir - straight line The mass of ice explodes!
The iceblast engulfs Duvessa!
Duvessa is moderately wounded.
The iceblast engulfs Dowan!
Dowan is severely wounded.
You block Duvessa's attack.
You closely miss Duvessa.
Duvessa is moderately wounded.
You closely miss Dowan. Duvessa hits you with a +0 short sword.
You block Duvessa's attack.
Dowan says, "Stay away from my face!"
Dowan barely misses you.
You take 1 damage, and have 32/45 hp.
You slash Duvessa!
Duvessa is severely wounded.
You barely miss Dowan. Duvessa closely misses you.
Dowan hits you with a +0 dagger. Duvessa completely misses you.
You take 3 damage, and have 29/45 hp.
Unknown command.
You closely miss Duvessa.
Duvessa is severely wounded.
You slash Dowan!
You kill Dowan!
Duvessa screams, "No!
How DARE you!"
Duvessa goes berserk!
Duvessa hits you with a +0 short sword!
* * * LOW HITPOINT WARNING * * *
You block Duvessa's attack.
You take 16 damage, and have 13/45 hp.
MASSIVE DAMAGE!!
You slash Duvessa!
Duvessa is almost dead.
Duvessa hits you with a +0 short sword!
You die...

.. ... ..# .# #.#.
..##..##.. ..
............... #..
.....#.......... .!.
.....#........... .#.
#............... #
#.....†)........
#.@e.......#
##.........# #..
..##.†........####.#.##
..............$.##[.#.##
..##.#.....###....#...##
#.#......##....#....#
#...............###.#
......................
#....................#.


You could see Duvessa (berserk, fast).

Vanquished Creatures
  Dowan (D:4)
  3 gnolls (D:2)
  3 adders
  3 dart slugs
  4 ribbon worms
  4 bats
  5 endoplasms
  3 giant cockroaches
  8 goblins
  6 hobgoblins
  4 jackals (D:1)
  3 kobolds
  2 quokkas
  11 ball pythons
  3 frilled lizards (D:2)
  8 rats
71 creatures vanquished.

Notes
Turn   | Place    | Note
-------+----------+-------------------------------------------
     0 | D:1      | Datul the Mountain Dwarf Fighter began the quest for the
                  | Orb.
     0 | D:1      | Reached XP level 1. HP: 19/19 MP: 1/1
    70 | D:1      | Reached skill level 3 in Axes
    82 | D:1      | Reached XP level 2. HP: 26/26 MP: 2/2
   189 | D:1      | Reached skill level 4 in Axes
   217 | D:1      | Reached XP level 3. HP: 26/31 MP: 3/3
   774 | D:2      | Reached skill level 5 in Axes
   775 | D:2      | Found a faded altar of an unknown god.
   843 | D:2      | Reached XP level 4. HP: 38/38 MP: 4/4
  1073 | D:2      | Found Doixig's Antique Weapon Shop.
  1189 | D:2      | Reached skill level 6 in Axes
  1458 | D:2      | Reached XP level 5. HP: 30/45 MP: 5/5
  1707 | D:3      | Found a one-way gate to the infinite horrors of the Abyss.
  1707 | D:3      | Noticed Daunt's ghost (amateur MDFi)
  1918 | D:3      | Noticed a small abomination
  1923 | D:3      | Found a transporter.
  2002 | D:3      | Found a transporter.
  2163 | D:3      | Got the Compilation of Ceraunoscopy and Spellbinding
  2669 | D:4      | Found Ficax's Antique Weapon Shoppe.
  2689 | D:4      | Noticed a phantom
  2762 | D:4      | Found a staircase to the Ecumenical Temple.
  2773 | Temple   | Entered the Ecumenical Temple
  2792 | Temple   | Became a worshipper of the Shining One
  2863 | D:4      | Reached skill level 7 in Axes
  2863 | D:4      | Noticed Dowan
  2864 | D:4      | Noticed Duvessa
  2873 | D:4      | Killed Dowan
  2874 | D:4      | Slain by Duvessa

Illustrated notes

Levels and vault maps discovered:
D:1:      dpeg_arrival_three_bigger_balls, layout_loops_ring
D:2:      layout_loops_cross, serial_shops, nicolae_shop_waterfront,
          dreamdust_ecumenical_altar_grove, minmay_fractal_squares_gapless_5
D:3:      layout_basic, gammafunk_ghost_abyssal_escape
D:4:      layout_cave_pools, minmay_temple_entry_large_hall, serial_shops,
          nicolae_shop_overgrown_old_shop, enter_ossuary_4, uniq_duvessa
Temple:   nicolae_temple_figure_eight

Skill      XL: |  1  2  3  4  5 |
---------------+----------------+-----
Axes           | 3 4 5 6 7 |  7.4
Fighting       | |  3.2
Armour         | |  3.2
Shields        | |  3.2

Action                     |  1- 3 |  4- 6 || total
---------------------------+-------+-------++-------
  Melee: War axe           |    65 |   154 ||   219
  Evoke: Wand              |       |     1 ||     1
    Use: Scroll            |       |     4 ||     4
         Potion            |       |     1 ||     1
 Armour: Scale mail        |    44 |    51 ||    95
         Leather armour    |       |    47 ||    47
  Dodge: Dodged            |    27 |    77 ||   104
  Block: Buckler           |     9 |    38 ||    47

Table legend: (Time is in decaauts)
 A = Elapsed time spent in this place.
 B = Non-inter-level travel time spent in this place.
 C = Inter-level travel time spent in this place.
 D = Time resting spent in this place.
 E = Time spent auto-exploring this place.
 F = Levels seen in this place.
 G = Mean time per level.
                   A        B        C        D        E       F      G
               +--------+--------+--------+--------+--------+-----+--------+
         Total |   2930 |   2776 |    154 |    278 |   1753 |   5 |  586.0 |
       Dungeon |   2893 |   2773 |    120 |    278 |   1753 |   4 |  723.2 |
        Temple |     36 |      2 |     34 |      0 |      0 |   1 |   36.0 |
               +--------+--------+--------+--------+--------+-----+--------+

Top non-repeatable levels by time:
     D:3: 993 daAuts
     D:2: 976 daAuts
     D:1: 758 daAuts
     D:4: 164 daAuts
  Temple: 36 daAuts
